 Dungeon Crawl Stone Soup version 0.31-a0-1-g4198be8af4 (webtiles) character file.

Game seed: 13547482386607007640

28 ytrimaz the Ducker (level 3, 0/24 HPs)
             Began as an Octopode Gladiator on May 2, 2023.
             Frozen to death by an endoplasm (2 damage)
             ... on level 1 of the Dungeon.
             The game lasted 00:01:06 (615 turns).

ytrimaz the Ducker (Octopode Gladiator)              Turns: 615, Time: 00:01:07

Health: 0/24       AC:  1    Str: 13    XL:     3   Next: 12%
Magic:  3/3        EV: 14    Int: 10    God:
Gold:   50         SH:  0    Dex: 15    Spells: 2/2 levels left

rFire   . . .        a - +0 long sword
rCold   . . .        (no shield)
rNeg    . . .        b - +0 hat
rPois   .            g - amulet of the acrobat
rElec   .            (no ring)
rCorr   .            (no ring)
SInv    .            (no ring)
Will    .....        (no ring)
Stlth   +++          (no ring)
HPRegen 0.24/turn    (no ring)
MPRegen 0.08/turn    (no ring)
                     (no ring)

%: acrobat
@: no status effects
A: almost no armour, amphibious, 8 rings, camouflage 1, gelatinous body 1,
(nimble swimmer 1), tentacles
a: no special abilities


You were on level 1 of the Dungeon.
You visited 1 branch of the dungeon, and saw 1 of its levels.

You collected 50 gold pieces.


Innate Abilities, Weirdness & Mutations

You cannot wear most types of armour.
You are amphibious.
You can wear up to eight rings at the same time.
Your skin changes colour to match your surroundings (Stealth+).
Your rubbery body absorbs attacks. (AC +1, EV +1)
((You are camouflaged when in or above water. (Stealth+)))
You have tentacles for arms and can constrict up to eight enemies at once.


   Skills:
 - Level 2.0 Fighting
 + Level 3.3 Long Blades
 - Level 2.0 Throwing
 * Level 3.6 Dodging
 + Level 1.7 Stealth


You had 2 spell levels left.
You didn't know any spells.
Your spell library contained the following spells:

 Spells                   Type           Power      Damage    Failure   Level
 Tukima's Dance           Hex            0%         N/A       75%         3
 Passage of Golubria      Tloc           0%         N/A       98%         4
 Yara's Violent Unravell  Hex/Tmut       0%         3d3       100%        5

Inventory:

Hand Weapons
 a - a +0 long sword (weapon)
Missiles
 c - 3 throwing nets (quivered)
 d - a javelin
Armour
 b - a +0 hat (worn)
Jewellery
 g - an amulet of the acrobat (around mantle)
   (You found it on level 1 of the Dungeon)
Scrolls
 e - a scroll of vulnerability {unknown}
 f - a scroll of blinking {unknown}
 h - a scroll of immolation {unknown}

Dungeon Overview and Level Annotations

Branches:
Dungeon (1/15) Zot: 5373

Altars:

#. #.# .###.#
.....### # #.....#
##+## ##.#.....#
##...## #........#
##.....##
#.....###.......##
##.J@..##...).....###
#.......'.........+..
##...####.........###
##..# ##......>##
##.# ##.....## ..#
##...## ### ##'## #.#
#.#


You could see an endoplasm.


Message History

You feel agile. x2 😎 HP[+5] MP[+1]
You now have 24 max hp (+5).
Your hp is fully restored (24).
Your mp is fully restored (3).
You see here a rat corpse.
You now have 50 gold pieces (gained 11).
You see here a rat corpse.
You open the door.
Found a stone staircase leading down.
A goblin comes into view. It is wielding a +0 club.
There is an open door here.
Unknown command.
A goblin is nearby!
A goblin is nearby!
A goblin is nearby!
The goblin shouts!
Unknown command.
The goblin completely misses you.
You closely miss the goblin. Your grab misses the goblin.
The goblin hits you with a +0 club. 😕 HP[-5]
You take 5 damage, and now have 19/24 hp.
MASSIVE DAMAGE!! (PAUSE)
You barely miss the goblin. Your grab misses the goblin.
Your squeeze misses the goblin. The goblin hits you with a +0 club.
The goblin misses you.
You hit the goblin.
You kill the goblin!
Key pressed, stopping explore.
No target in view!
Unknown command. 😎 HP[+5]
Your hp is fully restored (24).
As you open the door, it creaks loudly!
You hear a shout!
A hobgoblin comes into view.
There is an open door here.
A hobgoblin is nearby!
A hobgoblin is nearby!
An endoplasm comes into view.
An endoplasm comes into view.
You barely miss the hobgoblin.
The endoplasm quivers. x2
You grab the hobgoblin. You constrict the hobgoblin.
The hobgoblin closely misses you.
Unknown command.
You slash the hobgoblin!
You kill the hobgoblin!
The endoplasm freezes you.
You are frozen. 😕 HP[-4]
You take 4 damage, and now have 20/24 hp.
You barely miss the endoplasm. The endoplasm hits you.
The endoplasm barely misses you. The endoplasm freezes you.
You are frozen. 😮 HP[-5]
You take 5 damage, and now have 15/24 hp.
MASSIVE DAMAGE!! (PAUSE)
You are too injured to fight recklessly!
Unknown command.
You are too injured to fight recklessly!
You barely miss the endoplasm. The endoplasm closely misses you.
The endoplasm freezes you.
You are frozen. 😮 HP[-2]
You take 2 damage, and now have 13/24 hp.
You hit the endoplasm. The endoplasm hits you.
* * * LOW HITPOINT WARNING * * *
The endoplasm barely misses you.
You are too injured to fight recklessly! 😨 HP[-2]
You take 2 damage, and now have 11/24 hp.
You hit the endoplasm but do no damage. The endoplasm hits you.
* * * LOW HITPOINT WARNING * * *
The endoplasm freezes you.
You are frozen.
* * * LOW HITPOINT WARNING * * *
😱 HP[-6]
You take 6 damage, and now have 5/24 hp.
MASSIVE DAMAGE!! (PAUSE)
You slash the endoplasm!
You kill the endoplasm!
The endoplasm misses you. The endoplasm freezes you.
You are frozen.
* * * LOW HITPOINT WARNING * * *
😱 HP[-2]
You take 2 damage, and now have 3/24 hp.
Unknown command.
You hit the endoplasm but do no damage. You tentacle-slap the endoplasm.
The endoplasm freezes you.
You are frozen.
* * * LOW HITPOINT WARNING * * *
😱 HP[-2]
You take 2 damage, and now have 1/24 hp.
You hit the endoplasm but do no damage.
You squeeze the endoplasm, but do no damage.
The endoplasm freezes you.
You are frozen.
You die...

Skill      XL: |  1  2 |
---------------+-------+-----
Stealth        | 1 |  1.7
Fighting       | |  2.0
Long Blades    | |  3.3
Throwing       | |  2.0
Dodging        | |  3.6

Action                     || total
---------------------------++-------
  Melee: Long sword        ||    45
         Tentacles         ||     6
         Constrict         ||     8
         Punch             ||     2
   Stab: Sleeping          ||     5
 Armour: Skin              ||     1
  Dodge: Dodged            ||    24

Levels and vault maps discovered:
D:1:      amcnicky_arrival_blooded_trapdoor, layout_loops_corners

Notes
Turn   | Place    | Note
-------+----------+-------------------------------------------
     0 | D:1      | ytrimaz the Octopode Gladiator began the quest for the Orb.
     0 | D:1      | Reached XP level 1. HP: 14/14 MP: 1/1
     0 | D:1      | magus.rc [v1.9.6]
   106 | D:1      | Reached XP level 2. HP: 19/19 MP: 2/2
   107 | D:1      | Reached skill level 1 in Stealth
   298 | D:1      | You add the spells Tukima's Dance, Passage of Golubria and
                  | Yara's Violent Unravelling to your library.
   547 | D:1      | Reached XP level 3. HP: 24/24 MP: 3/3
   612 | D:1      | HP: 5/24 [frozen (4)]
   614 | D:1      | HP: 1/24 [frozen (2)]
   615 | D:1      | Frozen to death by an endoplasm

Vanquished Creatures
  A dart slug (D:1)
  2 endoplasms (D:1)
  4 goblins (D:1)
  4 hobgoblins (D:1)
  3 kobolds (D:1)
  2 quokkas (D:1)
  A ball python (D:1)
  2 bats (D:1)
  A frilled lizard (D:1)
  2 rats (D:1)
22 creatures vanquished.

Table legend:
 A = Non-vault XP
 B = Vault XP
 C = Vault XP percentage of total XP
 D = Non-vault monster count
 E = Vault monster count
 F = Vault count percentage of total count
                 A         B        C        D         E       F
            +---------+---------+-------+---------+---------+-------
      Total |      40 |       0 |   0.0 |      22 |       0 |   0.0
            +---------+---------+-------+---------+---------+-------
        D:1 |      40 |       0 |   0.0 |      22 |       0 |   0.0
            +---------+---------+-------+---------+---------+-------

Skill      XL: |  1  2 |
---------------+-------+-----
Stealth        | 1 |  1.7
Fighting       | |  2.0
Long Blades    | |  3.3
Throwing       | |  2.0
Dodging        | |  3.6

Action                     || total
---------------------------++-------
  Melee: Long sword        ||    45
         Tentacles         ||     6
         Constrict         ||     8
         Punch             ||     2
   Stab: Sleeping          ||     5
 Armour: Skin              ||     1
  Dodge: Dodged            ||    24

Illustrated notes

Table legend:
 A = Kills in this place as a percentage of kills in the entire game.
 B = Kills by you in this place as a percentage of kills by you in the entire game.
 C = Kills by friends in this place as a percentage of kills by friends in the entire game.
 D = Other kills in this place as a percentage of other kills in the entire game.
 E = Experience gained in this place as a percentage of experience gained in the entire game.
 F = Experience gained in this place divided by the number of levels of this place that you have seen.
                   A       B       C       D       E      F
               +-------+-------+-------+-------+-------+----------------------
         Total | 100.0 | 100.0 |   N/A |   N/A | 100.0 |  40.0
       Dungeon | 100.0 | 100.0 |   N/A |   N/A | 100.0 |  40.0
               +-------+-------+-------+-------+-------+----------------------

Table legend: (Time is in decaauts)
 A = Elapsed time spent in this place.
 B = Non-inter-level travel time spent in this place.
 C = Inter-level travel time spent in this place.
 D = Time resting spent in this place.
 E = Time spent auto-exploring this place.
 F = Levels seen in this place.
 G = Mean time per level.
                   A        B        C        D        E       F      G
               +--------+--------+--------+--------+--------+-----+--------+
         Total |    625 |    625 |      0 |      0 |    452 |   1 |  625.0 |
       Dungeon |    625 |    625 |      0 |      0 |    452 |   1 |  625.0 |
               +--------+--------+--------+--------+--------+-----+--------+

Top non-repeatable levels by time:
     D:1: 625 daAuts
